 Dungeon Crawl Stone Soup version 0.19-a0-36-g4a0968a (webtiles) character file.

718 jyri the Grappler (level 7, -4/57 HPs)
             Began as a Ghoul Monk on May 3, 2016.
             Slain by an ogre
             ... wielding a +0 giant spiked club
              (24 damage)
             ... on level 6 of the Dungeon.
             The game lasted 00:20:44 (3932 turns).

jyri the Grappler (Ghoul Monk)                      Turns: 3932, Time: 00:20:45

Health: -4/57      AC:  8    Str: 16    XL:     7   Next: 70%
Magic:  6/6        EV:  7    Int:  5    God:
Gold:   150        SH:  0    Dex: 12    Spells: 0 memorised, 6 levels left

rFire  + . .     SeeInvis .       - Unarmed
rCold  + + .     Gourm    .     w - +0 chain mail
rNeg   + + +     Faith    .     (no shield)
rPois  ∞         Spirit   .     (no helmet)
rElec  .         Dismiss  .     (no cloak)
rCorr  .         Reflect  .     (no gloves)
SustAt .         Harm     .     (no boots)
MR     .....                    (no amulet)
Stlth  ..........               C - ring of protection from fire
                                B - ring of protection from cold

@: rotting, not resistant to hostile enchantments, extremely unstealthy
A: rotting body, claws 1, carnivore 3, cold resistance 1, negative energy
resistance 3, slow regeneration 1, torment resistance, unbreathing
a: no special abilities


You were on level 6 of the Dungeon.
You were not hungry.

You visited 1 branch of the dungeon, and saw 6 of its levels.

You collected 150 gold pieces.

Inventory:

Hand Weapons
 b - a +2 hunting sling of flaming
 v - a +0 blowgun
Missiles
 d - 11 sling bullets
 p - 23 arrows
 x - 8 poisoned needles
 y - 48 stones (quivered)
 A - 60 bolts
Armour
 w - a +0 chain mail (worn)
 E - a +0 buckler
Jewellery
 B - a ring of protection from cold (left claw)
 C - a ring of protection from fire (right claw)
Wands
 z - a wand of teleportation (5/9)
Scrolls
 f - 2 scrolls of recharging
 g - a scroll of magic mapping
 m - a scroll of amnesia
 o - 3 scrolls of remove curse
 q - a scroll of random uselessness {unknown}
 r - a scroll of identify
 s - 3 scrolls of teleportation
 t - a scroll of immolation {unknown}
 u - 5 scrolls of enchant weapon
 D - a scroll of blinking {unknown}
Potions
 a - 2 potions of curing
 e - 3 potions of flight
 h - a potion of cure mutation {unknown}
 j - 3 potions of lignification {unknown}
 k - 3 potions of degeneration {unknown}
 n - 4 potions of might {unknown}
 F - a potion of invisibility {unknown}
Comestibles
 c - 2 beef jerkies
 i - 6 meat rations
 l - 2 slices of pizza


   Skills:
 - Level 3.2 Fighting
 - Level 2.6 Dodging
 - Level 2.1 Stealth
 + Level 10.0 Unarmed Combat


You had 6 spell levels left.
You didn't know any spells.

Dungeon Overview and Level Annotations

Branches:
Dungeon (6/15)             Temple (0/1) D:6

Altars:
Cheibriados

Annotations:
D:5 Eustachio


Innate Abilities, Weirdness & Mutations

Your body is rotting away.
You thrive on raw meat.
You are immune to poison.
You have sharp fingernails.
You are carnivorous and can eat meat at any time.
Your flesh is cold resistant.
You are immune to negative energy.
You regenerate slowly when monsters are visible.
You are immune to unholy pain and torment.
You can survive without breathing.


Message History

You scratch the giant frog but do no damage.
The giant frog is severely wounded.
The giant frog hits you. x2
You scratch the giant frog.
The giant frog is almost dead.
The giant frog hits you but does no damage.
You scratch the giant frog.
You kill the giant frog!
Your Unarmed Combat skill increases to level 10!
You hear a distant blaring wail to the north.
You scratch the ogre but do no damage. The ogre closely misses you.
You scratch the ogre.
The ogre is lightly wounded.
You scratch the ogre.
The ogre is moderately wounded.
The ogre hits you with a giant spiked club!!
You claw the ogre!
The ogre is almost dead.
The ogre hits you with a giant spiked club!!
You die...

,,,,,* ****,****
###.### *, ,,,,,*
*,* #.....# *,
,,,,,* *,* #.....#
*, ,,,,,* #,*
#.....# ** ,,,,,*
#.### #.....# *,
,,,,,* *.#.##
#.....#### *,
,,,,,* *,...*
##.......# *,
,,,,,* **#O#*
#.#####.# *,
,,,,,* #@#
###.####*,# *,
,,,,,* #.#
#......#*,* *,
,,,,,* #.#
#.#.##.#*,***,
****** #.#
#.#.#*,..,,,,,
#.###.#..,,,..#***
#.....####***##
#######


You could see an ogre.

Vanquished Creatures
  An ice beast (D:5)
  A phantom (D:5)
  An ogre (D:5)
  A giant frog (D:6)
  A scorpion (D:5)
  A hound (D:5)
  A centaur skeleton (D:5)
  An iguana (D:4)
  5 worker ants
  A howler monkey skeleton (D:5)
  5 adders
  An ooze (D:5)
  An adder zombie (D:5)
  4 worms
  A dart slug (D:4)
  2 giant geckos (D:2)
  7 orcs (D:5)
  2 giant cockroaches (D:1)
  5 goblins
  7 hobgoblins
  3 jackals
  3 quokkas
  A ball python (D:3)
  2 bats
  3 giant newts
  5 kobolds
  7 rats
  A bush (D:2)
  A plant (D:2)
75 creatures vanquished.

Notes
Turn   | Place    | Note
--------------------------------------------------------------
     0 | D:1      | jyri the Ghoul Monk began the quest for the Orb.
     0 | D:1      | Reached XP level 1. HP: 19/19 MP: 0/0
   230 | D:1      | Reached XP level 2. HP: 26/26 MP: 1/1
   273 | D:1      | Reached skill level 5 in Unarmed Combat
   578 | D:2      | Reached XP level 3. HP: 22/31 MP: 2/2
  1428 | D:3      | Reached skill level 6 in Unarmed Combat
  1428 | D:3      | Reached XP level 4. HP: 38/38 MP: 3/3
  1743 | D:3      | Noticed an ogre
  2222 | D:4      | Reached skill level 7 in Unarmed Combat
  2222 | D:4      | Reached XP level 5. HP: 26/45 MP: 4/4
  2483 | D:4      | Found a snail-covered altar of Cheibriados.
  2540 | D:5      | Entered Level 5 of the Dungeon
  2540 | D:5      | Noticed a phantom
  2598 | D:5      | Killed a phantom
  2598 | D:5      | Reached skill level 8 in Unarmed Combat
  2598 | D:5      | Reached XP level 6. HP: 18/51 MP: 5/5
  3009 | D:5      | Noticed an ice beast
  3027 | D:5      | Killed an ice beast
  3101 | D:5      | Reached skill level 9 in Unarmed Combat
  3101 | D:5      | Reached XP level 7. HP: 25/56 MP: 6/6
  3681 | D:5      | Noticed Eustachio
  3928 | D:6      | Reached skill level 10 in Unarmed Combat
  3932 | D:6      | Slain by an ogre

Vault maps used:
D:1:      scummos_arrival_forest, kennysheep_decorative_pillar
D:2:      serial_forest, infiniplex_forest_clump_diagonal,
          infiniplex_forest_straight_3, infiniplex_forest_lined_room_3,
          infiniplex_forest_corner_1
D:4:      kennysheep_slug_shrine, serial_shops, shop, guppyfry_shop_venom
D:5:      lemuel_coloured_pillars_altar, first_bread,
          lightli_ossuary_entry_decrepit_ruins, uniq_eustachio
D:6:      lemuel_temple_firewalk, minmay_lizard_king

Skill      XL: |  1  2  3  4  5  6  7 |
---------------+----------------------+-----
Unarmed Combat | 5 6 7 8 9 10 | 10.0
Fighting       | |  3.2
Dodging        | |  2.6
Stealth        | |  2.1

Action                   |  1- 3 |  4- 6 |  7- 9 || total
-------------------------+-------+-------+-------++-------
Melee: Unarmed           |   190 |   157 |    45 ||   392
       Punch             |     4 |     3 |     2 ||     9
 Fire: Hunting sling     |       |    11 |     5 ||    16
Evoke: Wand              |       |       |     1 ||     1
  Use: Scroll            |     1 |     1 |     6 ||     8
       Potion            |       |       |     3 ||     3
  Eat: Chunk             |    14 |    14 |     5 ||    33
Armor: Ring mail         |    24 |       |       ||    24
       Chain mail        |    18 |    65 |    41 ||   124
Dodge: Dodged            |    57 |    31 |    28 ||   116
